 Dungeon Crawl Stone Soup version 0.21.1-1-g345015fe64 (webtiles) character file.

106 Kohma the Ruffian (level 4, -11/45 HPs)
             Began as a Troll Berserker on June 23, 2018.
             Was a Believer of Trog.
             Mangled by Crazy Yiuf
             ... wielding a +3 quarterstaff of chaos
              (17 damage)
             ... on level 2 of the Dungeon.
             The game lasted 00:03:42 (1407 turns).

Kohma the Ruffian (Troll Berserker)                 Turns: 1407, Time: 00:03:43

Health: -11/45     AC:  5    Str: 25    XL:     4   Next: 55%
Magic:  3/3        EV: 10    Int:  3    God:    Trog [**....]
Gold:   116        SH:  0    Dex: 10    Spells: 3/3 levels left

rFire    . . .     SeeInvis .     - Unarmed
rCold    . . .     Gourm    +   (no shield)
rNeg     . . .     Faith    .   a - +0 animal skin
rPois    .         Spirit   .   (helmet restricted)
rElec    .         Reflect  .   (no cloak)
rCorr    .         Harm     .   (gloves unavailable)
MR       .....                  (boots unavailable)
Stlth    +.........             (no amulet)
HPRegen  0.55/turn              (no ring)
MPRegen  0.08/turn              (no ring)

@: no status effects
A: large, unfitting armour, claws 3, fast metabolism 3, gourmand, regeneration
1, shaggy fur 1, tough skin 2
a: Berserk, Trog's Hand, Burn Spellbooks, Renounce Religion


You were on level 2 of the Dungeon.
You worshipped Trog.
Trog was pleased with you.
You were completely stuffed.

You visited 1 branch of the dungeon, and saw 2 of its levels.

You collected 116 gold pieces.

Inventory:

Missiles
 e - 14 tomahawks (quivered)
Armour
 a - a +0 animal skin (worn)
 k - a cursed +0 robe
Scrolls
 c - 4 scrolls of amnesia {unknown}
 f - a scroll of teleportation {unknown}
 g - 2 scrolls of identify {unknown}
 i - a scroll of remove curse {unknown}
Potions
 d - a potion of degeneration {unknown}
 h - a potion of heal wounds
 j - 4 potions of curing {unknown}
 l - a potion of ambrosia {unknown}
 m - a potion of haste {unknown}
Comestibles
 b - 6 rations


   Skills:
 + Level 3.2 Fighting
 - Level 2.4 Dodging
 * Level 4.7 Unarmed Combat


You had 3 spell levels left.
You didn't know any spells.

Dungeon Overview and Level Annotations

Branches:
Dungeon (2/15)

Altars:
Makhleb

Annotations:
D:2 Crazy Yiuf


Innate Abilities, Weirdness & Mutations

You are too large for most types of armour.
You have claws for hands.
Your metabolism is lightning-fast.
You like to eat raw meat.
Your natural rate of healing is unusually fast.
You are covered in fur. (AC +1)
You have very tough skin. (AC +2)


Message History

You are confused.
Crazy Yiuf screams, "Powder!
Hah senile broken."
Crazy Yiuf drinks a potion.
Crazy Yiuf is healed!
You bump into the rock wall.
Crazy Yiuf laughs, "Sif Muna meccalolo down!"
You bump into the rock wall.
Crazy Yiuf cries, "Key!"
Crazy Yiuf barely misses you.
You bump into the rock wall.
Crazy Yiuf barely misses you.
You bump into the rock wall.
You feel less confused. Crazy Yiuf completely misses you.
You closely miss Crazy Yiuf. You barely miss Crazy Yiuf.
Crazy Yiuf hits you with a quarterstaff of chaos!
You are electrocuted!
* * * LOW HITPOINT WARNING * * *
You closely miss Crazy Yiuf.
Crazy Yiuf hits you with a quarterstaff of chaos!
You die...

#.# #.#
#.#....#......
####.# #.#
#...#######...
#....###.#
#......#......
#.##.....#
#..###.#......
#.######## ####
#.#...... #.#
#...#)###
#.########
##....###
#.#..#.#.### ####
##.......
#.......#.@##...#
#........
#......####g'...#
###.##()#
##....## ###..)#
#.##<)# ######
#### ###.##[)#
#...##..#
#..(>..##
##########>#.
#...........#
#..#####...##


You could see Crazy Yiuf.

Vanquished Creatures
  Jessica (D:2)
  Robin (D:2)
  2 adders (D:2)
  A worm (D:2)
  4 giant cockroaches
  7 hobgoblins
  6 jackals
  A bat (D:1)
  5 frilled lizards
  12 goblins
  3 kobolds
  3 rats
46 creatures vanquished.

Notes
Turn   | Place    | Note
-------+----------+-------------------------------------------
     0 | D:1      | Kohma the Troll Berserker began the quest for the Orb.
     0 | D:1      | Reached XP level 1. HP: 22/22 MP: 0/0
   113 | D:1      | Reached XP level 2. HP: 28/29 MP: 1/1
   581 | D:2      | Noticed Jessica
   582 | D:2      | Killed Jessica
   582 | D:2      | Reached skill level 4 in Unarmed Combat
   582 | D:2      | Reached XP level 3. HP: 36/36 MP: 2/2
   610 | D:2      | Reached ** piety under Trog
   639 | D:2      | Noticed Robin
   710 | D:2      | Reached XP level 4. HP: 45/45 MP: 3/3
   717 | D:2      | Killed Robin
  1280 | D:2      | Found a burning altar of Makhleb.
  1391 | D:2      | Found a runed door.
  1395 | D:2      | Noticed Crazy Yiuf
  1407 | D:2      | Mangled by Crazy Yiuf

Skill      XL: |  1  2  3 |
---------------+----------+-----
Unarmed Combat | 4 |  4.7
Fighting       | 3 |  3.2
Dodging        | |  2.4

Action                   |  1- 3 |  4- 6 || total
-------------------------+-------+-------++-------
Melee: Unarmed           |    75 |    43 ||   118
       Punch             |     1 |     1 ||     2
Throw: Tomahawk          |     2 |       ||     2
Invok: Berserk           |     1 |       ||     1
 Stab: Sleeping          |     1 |     1 ||     2
  Eat: Chunk             |    12 |     7 ||    19
Armor: Animal skin       |    26 |    14 ||    40
Dodge: Dodged            |    57 |    21 ||    78
